 Dungeon Crawl Stone Soup version 0.16.1-18-g436b03c (webtiles) character file.

417 tesudzi the Firebug (level 6, -1/45 HPs)
             Began as a Hill Orc Fire Elementalist on Apr 28, 2015.
             Was a Follower of Vehumet.
             Slain by an orc wizard
             ... wielding a +0 dagger
              (3 damage)
             ... on level 4 of the Dungeon.
             The game lasted 00:18:00 (5288 turns).

tesudzi the Firebug (Hill Orc Fire Elementalist)    Turns: 5288, Time: 00:18:01

Health: -1/45      AC:  5    Str: 11    XL:     6   Next: 92%
Magic:  2/15       EV: 12    Int: 21    God:    Vehumet [*.....]
Gold:   95         SH:  0    Dex: 12    Spells: 3 memorised, 7 levels left

rFire  . . .     SeeInvis .     n - +0 spear
rCold  . . .     Clarity  .     r - +0 robe
rNeg   . . .     SustAb   .     (no shield)
rPois  .         Gourm    .     k - +1 helmet
rElec  .         Spirit   .     (no cloak)
rCorr  .         Warding  .     (no gloves)
rMut   .         Rnd*Tele +     q - +0 pair of boots
MR     .....                    (no amulet)
Stlth  ++........               t - ring of teleportation
                                j - +5 ring of intelligence

@: very slightly contaminated, not resistant to hostile enchantments, unstealthy
A: no striking features
a: Renounce Religion, Evoke Teleportation


You were on level 4 of the Dungeon.
You worshipped Vehumet.
Vehumet was aware of your devotion.
You were hungry.

You visited 1 branch of the dungeon, and saw 4 of its levels.

You collected 95 gold pieces.

Inventory:

Hand weapons
 f - a +0 club
 n - a +0 spear (weapon)
Missiles
 e - 27 stones (quivered)
Armour
 a - a +0 robe
 k - a +1 helmet (worn)
 q - a +0 pair of boots (worn)
 r - a +0 robe (worn)
 s - a +0 helmet
Jewellery
 j - a +5 ring of intelligence (left hand)
 p - an uncursed ring of wizardry {unknown}
 t - a ring of teleportation (right hand)
Scrolls
 i - 2 scrolls of identify
 m - 2 scrolls of enchant armour
 v - a scroll of remove curse
Books
 b - a book of Flames

   Spells                             Type                      Level
   a - Flame Tongue                   Conjuration/Fire             1
   b - Throw Flame                    Conjuration/Fire             2
   c - Conjure Flame                  Conjuration/Fire             3
   d - Inner Flame                    Hexes/Fire                   3
   e - Sticky Flame                   Conjuration/Fire             4
   f - Fireball                       Conjuration/Fire             5
Comestibles
 c - a meat ration
 d - a beef jerky
 h - 9 fruits
 o - 2 bread rations


   Skills:
 - Level 1.5 Dodging
 - Level 1.5 Stealth
 + Level 4.4 Spellcasting
 - Level 1.0 Conjurations
 - Level 5.5 Fire Magic


You had 7 spell levels left.
You knew the following spells:

 Your Spells              Type           Power        Failure   Level  Hunger
a - Flame Tongue          Conj/Fire      ###..        3%          1    None
b - Conjure Flame         Conj/Fire      ###.....     12%         3    ##.....
c - Throw Flame           Conj/Fire      ###...       6%          2    #......


Dungeon Overview and Level Annotations

Branches:
Dungeon (4/15)
 Temple: D:4-7

Altars:
Dithmenos
Elyvilon
Sif Muna
Vehumet
The Shining One

Annotations:
D:4 Eustachio


Message History

* * * LOW HITPOINT WARNING * * *
Read which item? (? for menu, Esc to quit)
Okay, then.
Use which ability? (? or * to list)
You can't do that.
Use which ability? (? or * to list)
You don't have enough magic at the moment.
Use which ability? (? or * to list)
Okay, then.
You hear some strange, mumbled words.
Something tries to affect you, but you resist.
The orc hits you but does no damage. Something hits you but does no damage.
The orc barely misses you. Something hits you but does no damage.
You aren't carrying any potions.
Unknown command.
The orc hits you but does no damage. Something hits you.
* * * LOW HITPOINT WARNING * * *
The orc hits you but does no damage. Something hits you.
You die...

###..# ### ..##.#
###.# #.##.# #...#
##...# ##..##
###..## #...##
###...###....######
##.....#....)##...#
.........####..o{##
........## ####@#
...[....## ###
...####..# ####
..## #..# ###..#
.## ##.####..###
.#######รท.....##
............######
............####.#
o....)...#...##.##


You could see an orc.

Vanquished Creatures
  A phantom (D:4)
  An ogre (D:4)
  An orc priest (D:4)
  An iguana (D:4)
  2 worker ants (D:4)
  2 adders
  A giant mite (D:2)
  3 worms (D:2)
  An adder skeleton (D:4)
  2 giant geckos
  6 orcs
  3 ball pythons
  3 giant cockroaches
  11 goblins
  9 hobgoblins
  2 jackals (D:4)
  6 kobolds
  An ooze (D:3)
  10 bats
  6 giant newts
  3 quokkas (D:3)
  6 rats
81 creatures vanquished.

Notes
Turn   | Place    | Note
--------------------------------------------------------------
     0 | D:1      | tesudzi, the Hill Orc Fire Elementalist, began the quest for the Orb.
     0 | D:1      | Reached XP level 1. HP: 14/14 MP: 2/2
   131 | D:1      | Reached XP level 2. HP: 15/20 MP: 1/3
   280 | D:1      | Reached skill level 4 in Fire Magic
   949 | D:1      | Reached XP level 3. HP: 24/26 MP: 1/5
  1220 | D:2      | Learned a level 3 spell: Conjure Flame
  1243 | D:2      | Found a deep blue altar of Sif Muna.
  1325 | D:2      | Reached skill level 5 in Fire Magic
  1980 | D:2      | Reached XP level 4. HP: 33/33 MP: 6/6
  2042 | D:2      | Found a radiant altar of Vehumet.
  2213 | D:2      | Became a worshipper of Vehumet
  2267 | D:3      | Found a shadowy altar of Dithmenos.
  2428 | D:3      | Found a white marble altar of Elyvilon.
  2470 | D:3      | You fall through a shaft!
  2470 | D:4      | Noticed Eustachio
  3499 | D:3      | Found a glowing golden altar of the Shining One.
  3877 | D:4      | Reached XP level 5. HP: 12/38 MP: 4/9
  4485 | D:4      | Learned a level 2 spell: Throw Flame
  4727 | D:4      | Reached XP level 6. HP: 16/45 MP: 3/13
  4741 | D:4      | Noticed an ogre
  4767 | D:4      | Acquired Vehumet's first power
  4767 | D:4      | Offered knowledge of Sandblast by Vehumet.
  5013 | D:4      | Noticed a phantom
  5052 | D:4      | Killed a phantom
  5197 | D:4      | Noticed an ogre
  5204 | D:4      | Killed an ogre
  5287 | D:4      | HP: 2/45 [something (5)]
  5288 | D:4      | Slain by an orc wizard

Action                   |  1- 3 |  4- 6 || total
-------------------------+-------+-------++-------
Melee: Unarmed           |     7 |       ||     7
       Club              |    63 |       ||    63
       Spear             |    22 |   192 ||   214
Throw: Stone             |    13 |       ||    13
 Cast: Flame Tongue      |    39 |    51 ||    90
       Conjure Flame     |     1 |     1 ||     2
       Throw Flame       |       |    12 ||    12
 Abil: Evoke Teleportati |       |     2 ||     2
  Use: Scroll            |       |     7 ||     7
       Potion            |       |     1 ||     1
 Stab: Sleeping          |     2 |     7 ||     9
  Eat: Chunk             |     2 |    10 ||    12
       Pizza             |     1 |       ||     1
       Fruit             |       |     2 ||     2
